 Dungeon Crawl Stone Soup version 0.27-a0-1502-g47ed6a6988 (webtiles) character file.

Game seed: 6994527912163487151

55 Sin92 the Skirmisher (level 3, -3/29 HPs)
             Began as a Demonspawn Fighter on July 8, 2021.
             Slain by Sigmund (6 damage)
             ... on level 3 of the Dungeon.
             The game lasted 00:01:10 (971 turns).

Sin92 the Skirmisher (Demonspawn Fighter)            Turns: 971, Time: 00:01:11

Health: -3/29      AC:  6    Str: 16    XL:     3   Next: 67%
Magic:  3/3        EV:  7    Int: 11    God:
Gold:   18         SH:  0    Dex: 13    Spells: 2/2 levels left

rFire    . . .     SeeInvis .   a - +0 long sword
rCold    . . .     Faith    .   c - +0 kite shield
rNeg     . . .     Spirit   .   b - +0 scale mail
rPois    .         Reflect  .   (no helmet)
rElec    .         Harm     .   (no cloak)
rCorr    .         Rampage  .   (no gloves)
Will     .....                  (no boots)
Stlth    ..........             (no amulet)
HPRegen  0.09/turn              (no ring)
MPRegen  0.08/turn              (no ring)

@: confused
A: big brain 1
a: no special abilities


You were on level 3 of the Dungeon.
You visited 1 branch of the dungeon, and saw 3 of its levels.

You collected 18 gold pieces.

Inventory:

Hand Weapons
 a - a +0 long sword (weapon)
Armour
 b - a +0 scale mail (worn)
 c - a +0 kite shield (worn)
Jewellery
 j - a ring of flight
Scrolls
 h - 3 scrolls of teleportation {unknown}
Potions
 d - a potion of might
 e - a potion of heal wounds {unknown}
 f - 2 potions of flight {unknown}
 g - a potion of curing {unknown}
 i - a potion of mutation {unknown}


   Skills:
 + Level 3.3 Fighting
 * Level 2.5 Long Blades
 + Level 3.0 Armour
 + Level 0.9 Dodging
 + Level 3.0 Shields


You had 2 spell levels left.
You didn't know any spells.
Your spell library contained the following spells:

 Spells                   Type           Power      Damage    Failure   Level
 Animate Armour           Summ/Erth      0%         N/A       100%        4
 Blade Hands              Tmut           0%         N/A       100%        5
 Iron Shot                Conj/Erth      0%         9d1       100%        6


Dungeon Overview and Level Annotations

Branches:
Dungeon (3/15)

Altars:

Annotations:
D:3 Sigmund


Innate Abilities, Weirdness & Mutations

You have an unusually large brain. (Int +2)


Message History

You climb downwards.
There is a stone staircase leading up here.
Found a knobbly moonstone ring.
j - a ring of flight An adder comes into view.
The adder hisses angrily.
You closely miss the adder. You block the adder's attack.
The adder barely misses you.
You riposte.
You hit the adder.
The adder is moderately wounded.
You slash the adder!
The adder is almost dead.
The adder bites you but does no damage.
You closely miss the adder.
The adder is almost dead.
The adder bites you but does no damage. You block the adder's attack. x2
You slash the adder!
You kill the adder!
You see here an adder corpse.
A bat comes into view.
Sigmund the Dreaded comes into view.
He is wielding a +4 scythe of freezing and wearing a +1 robe of cold resistance.
The bat hits you.
Sigmund points at you and mumbles some strange words.
You are confused.
Found 18 gold pieces.
You barely miss the bat. The bat hits you but does no damage.
The bat closely misses you. Sigmund barely misses you.
The bat hits you but does no damage.
Sigmund hits you from afar with a +4 scythe of freezing.
Sigmund freezes you.
You bump into the rock wall.
The bat hits you but does no damage.
Sigmund hits you from afar with a +4 scythe of freezing!
* * * LOW HITPOINT WARNING * * *
Sigmund freezes you.
* * * LOW HITPOINT WARNING * * *
The bat closely misses you.
Sigmund casts a spell.
Sigmund flickers and vanishes!
Deactivating autopickup; reactivate with Ctrl-A.
The bat barely misses you. Something hits you.
You die...

## #.#... . #.#
##.#
#####.#.####.#
......#......#
........####...
......#.####..#
#.##..........#
......#.####.##
#.#####@####.#
#.....b..{...#
########.#####
..# ...# .....
...### .$## ###


You could see a bat.

Vanquished Creatures
  2 adders
  A dart slug (D:2)
  3 endoplasms
  A giant cockroach (D:1)
  8 goblins
  2 hobgoblins (D:1)
  4 jackals (D:1)
  3 quokkas
  2 ball pythons (D:1)
  2 bats
  A frilled lizard (D:2)
  A rat (D:1)
30 creatures vanquished.

Vanquished Creatures (others)
  3 plants (D:3)
3 creatures vanquished.

Grand Total: 33 creatures vanquished

Notes
Turn   | Place    | Note
-------+----------+-------------------------------------------
     0 | D:1      | Sin92 the Demonspawn Fighter began the quest for the Orb.
     0 | D:1      | Reached XP level 1. HP: 18/18 MP: 1/1
   189 | D:1      | Gained mutation: You have an unusually large brain. (Int
                  | +2) [demonic ancestry]
   189 | D:1      | Reached XP level 2. HP: 13/24 MP: 2/2
   637 | D:1      | Found a faded altar of an unknown god.
   885 | D:2      | Reached XP level 3. HP: 29/29 MP: 3/3
   966 | D:3      | Noticed Sigmund
   971 | D:3      | Slain by Sigmund

Illustrated notes

Levels and vault maps discovered:
D:1:      dpeg_arrival_long_road, layout_basic,
          hellmonk_ecumenical_altar_run_dry
D:2:      layout_rooms, minmay_misc_feat_doors
D:3:      minmay_inner_zag, layout_loops_cross, old_standard_altar,
          serial_bayou_lagoon_a, minivault_23, uniq_sigmund

Skill      XL: |  1  2  3 |
---------------+----------+-----
Long Blades    | 2 |  2.5
Shields        | 3 |  3.0
Armour         | 3 |  3.0
Fighting       | |  3.3
Dodging        | |  0.9

Action                   || total
-------------------------++-------
Melee: Long sword        ||    83
Armor: Scale mail        ||    62
Dodge: Dodged            ||    38
Block: Kite shield       ||    63
       Rpst.: Long sword ||    18

Table legend: (Time is in decaauts)
 A = Elapsed time spent in this place.
 B = Non-inter-level travel time spent in this place.
 C = Inter-level travel time spent in this place.
 D = Time resting spent in this place.
 E = Time spent auto-exploring this place.
 F = Levels seen in this place.
 G = Mean time per level.
                   A        B        C        D        E       F      G
               +--------+--------+--------+--------+--------+-----+--------+
         Total |   1014 |    987 |     27 |      0 |    736 |   3 |  338.0 |
       Dungeon |   1014 |    987 |     27 |      0 |    736 |   3 |  338.0 |
               +--------+--------+--------+--------+--------+-----+--------+

Top non-repeatable levels by time:
     D:1: 904 daAuts
     D:2: 58 daAuts
     D:3: 52 daAuts
